AoeStats
← JGwentworth92

Arena

509615137Analyzed
1v1 RM · 6d ago on Sep 27, 2026· 52m 16s· 2 players
Game mode
Random Map
Map size
Tiny (2 player)
Population
200
Speed
Normal
Resources
Standard
Victory
Conquest
Starting age
Dark Age
Ending age
Imperial Age
RankedLock teamsTeams togetherTeam positionsShared explorationLock speedFull tech treeHidden civsTurbo modeCheats
Victory
Defeat
🇧🇷 Varangians · Brazil
938
+15
🇺🇸 Byzantines · United States
916
-15
JGwentworth92
12:18 Feudal Age
17:09 Castle Age
15:26 Loom
15:31 Double-Bit Axe
15:31 Horse Collar
16:13 Stone Mining
16:51 Gold Mining
18:24 Fletching
18:39 Padded Archer Armor
20:15 Wheelbarrow
21:33 Crossbowman
23:46 Pikeman
24:41 Scale Mail Armor
25:35 Bodkin Arrow
38:33 Imperial Age
36:38 Squires
40:42 Halberdier
45:35 Forging
Leo000BR
6:47 Loom
10:10 Feudal Age
10:31 Horse Collar
10:56 Double-Bit Axe
15:01 Bloodlines
21:55 Castle Age
20:31 Forging
20:50 Scale Barding Armor
20:49 Gold Mining
22:07 Wheelbarrow
23:47 Chain Barding Armor
23:47 Husbandry
28:41 Stone Mining
32:53 Imperial Age
32:18 Iron Casting
36:37 Plate Barding Armor
37:05 Hand Cart
36:40 Cavalier
38:57 Blast Furnace
37:32 Pikeman
39:08 Vendel Legacy
44:19 Stone Shaft Mining
43:50 Heavy Plow
43:40 Town Watch
44:51 Squires
44:36 Gambesons
44:37 Arson
45:07 Elite Jarl
46:30 Town Patrol
46:54 Ballistics
47:36 Chemistry
46:51 Masonry
46:56 Fletching
47:40 Bodkin Arrow
49:24 Treadmill Crane
49:36 Heated Shot
49:53 Bracer
51:32 Bow Saw
Connection lost

Rejoining the realm…

Still unreachable

The connection could not be restored.

Session expired

The server has moved on; the page needs a fresh start.